 Dungeon Crawl Stone Soup version 0.29-a0-322-g68df515428 (webtiles) character file.

Game seed: 10623980065582625662

187 siradein the Conjurer (level 5, -11/42 HPs)
             Began as a Draconian Conjurer on Apr 8, 2022.
             Blown up by Ijyb (21 damage)
             ... with a mindburst bolt
             ... on level 4 of the Dungeon.
             The game lasted 00:10:40 (3097 turns).

siradein the Conjurer (Draconian Conjurer)          Turns: 3097, Time: 00:10:40

Health: -11/42     AC: 13    Str:  9    XL:     5   Next: 39%
Magic:  4/9        EV: 12    Int: 21    God:
Gold:   153        SH:  0    Dex:  9    Spells: 7/10 levels left

rFire   . . .      SeeInvis +   h - +3 quarterstaff "Pyheit" {protect, rPois rCorr SInv Stlth-}
rCold   . . .      Faith    .   (shield currently unavailable)
rNeg    . . .      Spirit   .   (body armour unavailable)
rPois   +          Reflect  .   (helmet restricted)
rElec   .          Harm     .   (no cloak)
rCorr   +          Rampage  .   d - +0 pair of gloves
Will    .....                   (no boots)
Stlth   +.........              (no amulet)
HPRegen 0.14/turn               g - ring of see invisible
MPRegen 0.11/turn               (no ring)

@: under a protective aura
A: AC +5, unfitting armour, cold-blooded
a: no special abilities


You were on level 4 of the Dungeon.
You visited 1 branch of the dungeon, and saw 4 of its levels.

You collected 153 gold pieces.

Inventory:

Hand Weapons
 h - the +3 quarterstaff "Pyheit" (weapon) {protect, rPois rCorr SInv Stlth-}
   (You found it on level 2 of the Dungeon)

   It grants its wielder temporary protection when it strikes (+7 to AC).
   rPois:     It protects you from poison.
   SInv:      It lets you see invisible.
   rCorr:     It protects you from acid and corrosion.
   Stlth:     It makes you less stealthy.
Armour
 d - a +0 pair of gloves (worn)
Jewellery
 g - a ring of see invisible (left hand)
Scrolls
 e - 2 scrolls of teleportation
 j - a scroll of summoning {unknown}
 m - a scroll of torment {unknown}
 n - a scroll of fog {unknown}
 o - a scroll of enchant weapon {unknown}
 q - a scroll of immolation {unknown}
Potions
 a - a potion of magic
 b - a potion of brilliance {unknown}
 c - 2 potions of curing
 k - a potion of heal wounds {unknown}
 p - a potion of haste {unknown}
 r - a potion of cancellation {unknown}


   Skills:
 + Level 2.6 Fighting
 + Level 3.0 Dodging
 - Level 1.7 Stealth
 + Level 3.1 Spellcasting
 + Level 4.8 Conjurations


You had 7 spell levels left.
You knew the following spells:

 Your Spells              Type           Power      Damage    Failure   Level
a - Magic Dart            Conj           92%        1d7       1%          1
b - Searing Ray           Conj           46%        2d6       2%          2

Your spell library contained the following spells:

 Spells                   Type           Power      Damage    Failure   Level
 Animate Skeleton         Necr           6%         N/A       13%         1
 Apportation              Tloc           6%         N/A       13%         1
 Summon Small Mammal      Summ           12%        N/A       13%         1
 Dazzling Flash           Conj/Hex       26%        N/A       14%         3
 Sublimation of Blood     Necr           3%         N/A       21%         2
 Wereblood                Tmut           3%         N/A       21%         2
 Fulminant Prism          Conj/Hex       6%         3d7       43%         4
 Iskenderun's Mystic Bla  Conj/Tloc      13%        2d5       43%         4
 Lee's Rapid Deconstruct  Erth           1%         3d5*      98%         5
 Summon Hydra             Summ           1%         N/A       100%        7


Dungeon Overview and Level Annotations

Branches:
Dungeon (4/15)
 Temple: D:4-7

Altars:

Shops:
D:3 [

Annotations:
D:4 Ijyb


Innate Abilities, Weirdness & Mutations

Your plain brown scales are hard. (AC +5)
You cannot fit into any form of body armour.
You are cold-blooded and may be slowed by cold attacks.


Message History

Your weapon exudes an aura of protection.
Ijyb is moderately wounded.
Ijyb zaps a wand.
You barely resist. Ijyb closely misses you.
You barely miss Ijyb.
Ijyb is moderately wounded.
Ijyb hits you with a +0 dagger.
You barely miss Ijyb.
Ijyb is moderately wounded.
Ijyb hits you with a +0 dagger.
You barely miss Ijyb.
Ijyb is moderately wounded.
Ijyb closely misses you. Ijyb hits you but does no damage.
You completely miss Ijyb.
Your tail-slap misses Ijyb.
Ijyb is moderately wounded.
Ijyb zaps a wand.
Your mind is blasted!
You barely miss Ijyb.
Ijyb is moderately wounded.
Ijyb hits you with a +0 dagger.
You are too injured to fight recklessly!
You are too injured to fight recklessly!
You barely miss Ijyb.
Ijyb is moderately wounded.
Ijyb hits you but does no damage. Ijyb barely misses you.
You closely miss Ijyb.
Your tail-slap misses Ijyb.
Ijyb is moderately wounded.
Ijyb hits you but does no damage.
You miss Ijyb.
Your tail-slap misses Ijyb.
Ijyb is moderately wounded.
Ijyb zaps a wand.
Your mind is blasted!
* * * LOW HITPOINT WARNING * * *
You sock Ijyb!
Your weapon exudes an aura of protection.
Your tail-slap misses Ijyb.
Ijyb is severely wounded.
Ijyb hits you but does no damage.
You closely miss Ijyb.
Your tail-slap misses Ijyb.
Ijyb is severely wounded.
Ijyb barely misses you.
Ijyb zaps a wand.
Your mind is blasted!
Ouch! That really hurt!
You die...

##...##.####..#.....
##......# #..#.....
###..####.# ..##
#... ###.#..# ##.#
..##. .#. ##......#
#.# ..... #
#.......+ #.# ....
#.......# ##.# .....
##.###..####.#......
### ##.##..@g......
#.............)
#...........>..
##.............
#......#.....!
##..#..#......
##.#........#
###........# ...#.


You could see Ijyb.

Vanquished Creatures
  An iguana (D:4)
  4 gnolls (D:3)
  4 adders
  A white imp (D:3)
  A worm (D:2)
  5 dart slugs
  5 ball pythons
  3 endoplasms
  3 giant cockroaches (D:1)
  7 goblins
  4 hobgoblins
  7 jackals
  5 kobolds
  4 quokkas
  4 bats
  2 frilled lizards
  3 rats
63 creatures vanquished.

Notes
Turn   | Place    | Note
-------+----------+-------------------------------------------
     0 | D:1      | siradein the Draconian Conjurer began the quest for the
                  | Orb.
     0 | D:1      | Reached XP level 1. HP: 14/14 MP: 3/3
   211 | D:1      | Reached XP level 2. HP: 19/22 MP: 0/5
   214 | D:1      | Learned a level 2 spell: Searing Ray
   390 | D:1      | Reached skill level 1 in Fighting
   711 | D:1      | Reached XP level 3. HP: 28/28 MP: 4/6
  1120 | D:2      | Found a faded altar of an unknown god.
  1647 | D:2      | Reached XP level 4. HP: 36/36 MP: 2/7
  1736 | D:2      | Identified the +3 quarterstaff "Pyheit" {protect, rPois
                  | rCorr SInv Stlth-}
  2374 | D:3      | Found Hotamowa's Armour Emporium.
  2541 | D:3      | Reached XP level 5. HP: 42/42 MP: 4/9
  3077 | D:4      | Noticed Ijyb
  3097 | D:4      | Blown up by Ijyb

Illustrated notes

Levels and vault maps discovered:
D:1:      eino_arrival_water_star, layout_loops_ring, minmay_cut_off
D:2:      layout_rooms, hellmonk_ecumenical_altar_dog_temple
D:3:      layout_basic, serial_shops, shop
D:4:      layout_cave_pools, st_stairs_5, corexii_checkpoint_a,
          grunt_ministairs_7, roderic_serpentine_path, uniq_ijyb

Skill      XL: |  1  2  3  4  5 |
---------------+----------------+-----
Dodging        | 2 3 |  3.0
Fighting       | 1 2 |  2.6
Spellcasting   | 3 |  3.1
Stealth        | |  1.7
Conjurations   | |  4.8

Action                   |  1- 3 |  4- 6 || total
-------------------------+-------+-------++-------
Melee: Unarmed           |    12 |       ||    12
       Club              |    17 |       ||    17
       Dagger            |    57 |       ||    57
       Tailslap          |     6 |       ||     6
       Punch             |     1 |       ||     1
       Quarterstaff      |       |    29 ||    29
 Cast: Magic Dart        |    75 |    40 ||   115
       Searing Ray       |     1 |     4 ||     5
  Use: Scroll            |       |     4 ||     4
Armor: Skin              |    36 |    11 ||    47
Dodge: Dodged            |    64 |    20 ||    84

Table legend: (Time is in decaauts)
 A = Elapsed time spent in this place.
 B = Non-inter-level travel time spent in this place.
 C = Inter-level travel time spent in this place.
 D = Time resting spent in this place.
 E = Time spent auto-exploring this place.
 F = Levels seen in this place.
 G = Mean time per level.
                   A        B        C        D        E       F      G
               +--------+--------+--------+--------+--------+-----+--------+
         Total |   3110 |   3058 |     52 |    187 |   2416 |   4 |  777.5 |
       Dungeon |   3110 |   3058 |     52 |    187 |   2416 |   4 |  777.5 |
               +--------+--------+--------+--------+--------+-----+--------+

Top non-repeatable levels by time:
     D:1: 1125 daAuts
     D:2: 964 daAuts
     D:3: 849 daAuts
     D:4: 170 daAuts
